 Dungeon Crawl Stone Soup version 0.31.0-32-g396128a36d (webtiles) character file.

Game seed: 8203309946283235817

11 Doomgape the Covered (level 2, -1/19 HPs)
             Began as a Gargoyle Fighter on Mar 9, 2024.
             Frozen to death by an endoplasm (5 damage)
             ... on level 1 of the Dungeon.
             The game lasted 00:00:26 (410 turns).

Doomgape the Covered (Gargoyle Fighter)              Turns: 410, Time: 00:00:26

Health: -1/19      AC:  9    Str: 19    XL:     2   Next: 29%
Magic:  2/2        EV:  9    Int:  8    God:
Gold:   27         SH:  4    Dex:  9    Spells: 1/1 levels left

rFire   . . .        a - +0 flail
rCold   . . .        c - +0 buckler
rNeg    + . .        b - +0 scale mail
rPois   ∞            (no helmet)
rElec   +            (no cloak)
rCorr   .            (no gloves)
SInv    .            (no boots)
Will    .....        (no amulet) Stlth
                     (no ring)
HPRegen 0.23/turn    (no ring)
MPRegen 0.08/turn

%: no passive effects
@: no status effects
A: sickness immunity, AC +2, negative energy resistance 1, electricity
resistance, torment resistance 1, petrification resistance
a: no special abilities


You were on level 1 of the Dungeon.
You visited 1 branch of the dungeon, and saw 1 of its levels.

You collected 27 gold pieces.

Inventory:

Hand Weapons
 a - a +0 flail (weapon)
Armour
 b - a +0 scale mail (worn)
 c - a +0 buckler (worn)
Scrolls
 e - 2 scrolls of immolation {unknown}
 f - a scroll of torment {unknown}
 h - a scroll of identify {unknown}
 i - a scroll of poison {unknown}
Potions
 d - 2 potions of might
 g - a potion of lignification {unknown}


   Skills:
 + Level 3.5 Fighting
 + Level 2.3 Maces & Flails
 + Level 3.5 Armour
 - Level 3.2 Shields


You had one spell level left.
You didn't know any spells.
Your spell library was empty.

Dungeon Overview and Level Annotations

Branches:
Dungeon (1/15)

Altars:


Innate Abilities, Weirdness & Mutations

You are immune to sickness and miasma.
Your stone body is resilient. (AC +2)
You are immune to poison.
You resist negative energy. (rN+)
You are resistant to electric shocks. (rElec)
You are resistant to unholy torment.
You are immune to petrification.


Message History

You closely miss the frilled lizard. The frilled lizard barely misses you.
The endoplasm completely misses you. The frilled lizard barely misses you.
You hit the goblin.
You kill the goblin!
You block the frilled lizard's attack. The endoplasm freezes you.
You are frozen.
Unknown command.
The frilled lizard attacks as it pursues you!
The frilled lizard bites you but does no damage.
The quokka bites you.
The frilled lizard attacks as it pursues you!
You block the frilled lizard's attack.
There is an open door here.
The frilled lizard attacks as it pursues you!
The frilled lizard bites you but does no damage.
You open the door. The frilled lizard bites you.
There is an open door here.
You closely miss the quokka.
The quokka bites you but does no damage.
The quokka bites you.
You sock the quokka!
You kill the quokka!
You miss the frilled lizard.
The frilled lizard completely misses you.
The frilled lizard bites you.
You closely miss the frilled lizard. The endoplasm barely misses you.
The frilled lizard barely misses you.
You closely miss the frilled lizard. The endoplasm freezes you.
You are frozen.
The frilled lizard closely misses you. The endoplasm freezes you.
You are frozen.
* * * LOW HITPOINT WARNING * * *
Unknown command.
You hit the frilled lizard.
You kill the frilled lizard!
The endoplasm freezes you.
You are frozen.
You die...

~≈.......# . #..........
.≈.......# #..........
.≈.......# #######..........
.≈.......# #........########
.≈....)..+ #........#
.........#####........######
.........'...'........'....#
.........#..##J.......######
##+##+####...@...†....#
#.......##........#######
...#########..............#
........~#.........#
#####..............#
#.~~~..........#
##..~~..........##
....~.~...........#
...(...............'


You could see an endoplasm.

Vanquished Creatures
  An endoplasm (D:1)
  3 hobgoblins (D:1)
  2 quokkas (D:1)
  2 frilled lizards (D:1)
  2 goblins (D:1)
  A rat (D:1)
11 creatures vanquished.

Notes
Turn   | Place    | Note
-------+----------+-------------------------------------------
     0 | D:1      | Doomgape the Gargoyle Fighter began the quest for the Orb.
     0 | D:1      | Reached XP level 1. HP: 14/14 MP: 1/1
   149 | D:1      | Reached XP level 2. HP: 19/19 MP: 2/2
   410 | D:1      | Frozen to death by an endoplasm

Illustrated notes

Levels and vault maps discovered:
D:1:      matt_arrival_los_fun, layout_basic, serial_rivers,
          chequers_serial_rivers_micro_e, chequers_serial_rivers_small_a,
          chequers_serial_rivers_micro_c, chequers_serial_rivers_small_a,
          chequers_serial_rivers_large_b, hangedman_decor_growths

Action                     || total
---------------------------++-------
  Melee: Flail             ||    26
 Armour: Scale mail        ||    17
  Dodge: Dodged            ||    12
  Block: Buckler           ||     5
